[Event "XVI Memorial Lezcano Montalvo 2024"]
[Site "Gran Canaria"]
[Date "2024.03.24"]
[Round "2.11"]
[White "Blanco Garcia Bajo, David"]
[Black "Barlov, Dragan"]
[Result "1/2-1/2"]
[ECO "B25"]
[WhiteElo "2004"]
[BlackElo "2387"]
[Annotator "RC"]
[PlyCount "119"]
[EventDate "2024.03.23"]
[EventType "swiss"]
[EventCountry "ESP"]
[SourceTitle "playchess.com"]
[Source "ChessBase"]
[SourceQuality "1"]
[TimeControl "5400+30"]

1. e4 c5 2. Nc3 Nc6 3. Nge2 d6 4. g3 g6 5. Bg2 Bg7 6. O-O e6 7. d3 Nge7 8. Bg5 h6 9. Be3 Nd4 10. Rb1 Nec6 11. Qd2 Qa5 12. a3 Nxe2+ 13. Nxe2 Qxd2 14. Bxd2 Bd7 15. f4 Ke7 16. c4 a5 17. Bc3 Nd4 18. Nxd4 cxd4 19. Bd2 b5 20. b3 Rhc8 21. Rfc1 Ra7 22. Kf2 Ke8 23. cxb5 Rxc1 24. Rxc1 Bxb5 25. Ke2 Kd7 26. e5 d5 27. Be1 Bf8 28. Bf2 Bxa3 29. Bxd4 Rb7 30. Ra1 Bb4 31. Bf1 Rc7 32. Kd1 Rc6 33. Rc1 Ra6 34. Bc5 Bxc5 35. Rxc5 Rb6 36. Kc2 a4 37. bxa4 Bxa4+ 38. Kc3 Rb3+ 39. Kd4 Rb2 40. Ra5 Bc6 41. Kc5 Kc7 42. d4 Rc2+ 43. Kb4 Kb6 44. Ra6+ Kb7 45. h4 Rc1 46. Bd3 Rd1 47. Be2 Rd2 48. Bf1 Kc7 49. Ra7+ Kb6 50. Ra6+ Kb7 51. Kc5 Rc2+ 52. Kd6 Rc3 53. g4 Rc1 54. Be2 Rc2 55. Bd3 Rc3 56. Be2 Rc2 57. Bd3 Rc3 58. Be2 Rc2 59. Bd3 Rc3 60. Be2 1/2-1/2

[Event "XVI Memorial Lezcano Montalvo 2024"]
[Site "Gran Canaria"]
[Date "2024.03.24"]
[Round "2.12"]
[White "Garcia Blanco, Omar"]
[Black "Segura Marsa, Andres"]
[Result "1-0"]
[ECO "A35"]
[WhiteElo "2377"]
[BlackElo "1987"]
[Annotator "RC"]
[PlyCount "55"]
[EventDate "2024.03.23"]
[EventType "swiss"]
[EventCountry "ESP"]
[SourceTitle "playchess.com"]
[Source "ChessBase"]
[SourceQuality "1"]
[TimeControl "5400+30"]

1. Nf3 c5 2. c4 Nc6 3. Nc3 g6 4. e3 Nf6 5. d4 cxd4 6. exd4 d5 7. cxd5 Nxd5 8. Qb3 Nxc3 9. Bc4 e6 10. bxc3 Bg7 11. Ba3 Na5 12. Bb5+ Bd7 13. Qb4 Nc6 14. Qb2 Bf8 15. h4 Bxa3 16. Qxa3 Qa5 17. Qb2 h6 18. Rb1 Qc7 19. O-O O-O 20. Qd2 Kg7 21. Rfe1 h5 22. Bd3 Rac8 23. c4 Rfd8 24. d5 Na5 25. Qb2+ Kg8 26. Qf6 Be8 27. Ng5 exd5 28. Bxg6 1-0

[Event "XVI Memorial Lezcano Montalvo 2024"]
[Site "Gran Canaria"]
[Date "2024.03.24"]
[Round "2.13"]
[White "Perez Garcia, Jimena"]
[Black "Fiorito, Francisco"]
[Result "0-1"]
[ECO "A50"]
[WhiteElo "1992"]
[BlackElo "2368"]
[Annotator "RC"]
[PlyCount "82"]
[EventDate "2024.03.23"]
[EventType "swiss"]
[EventCountry "ESP"]
[SourceTitle "playchess.com"]
[Source "ChessBase"]
[SourceQuality "1"]
[TimeControl "5400+30"]

1. d4 Nf6 2. c4 b6 3. Nc3 Bb7 4. Qc2 d5 5. cxd5 Nxd5 6. Nf3 Nxc3 7. bxc3 e6 8. e4 Be7 9. Bd3 O-O 10. Bf4 c5 11. d5 exd5 12. exd5 h6 13. O-O Bd6 14. Bxd6 Qxd6 15. Rad1 Nd7 16. Rfe1 Rfe8 17. c4 Nf6 18. Qa4 Rxe1+ 19. Rxe1 a6 20. Qb3 b5 21. cxb5 Bxd5 22. Bc4 Bxc4 23. Qxc4 axb5 24. Qxb5 Rxa2 25. h3 Ra8 26. Rc1 Rc8 27. Qb7 Rb8 28. Qa7 Rc8 29. Qb7 Qc7 30. Qb5 c4 31. Nd4 Ne4 32. Qf5 Nd6 33. Qe5 Qb6 34. Nf5 Nxf5 35. Qxf5 Qc6 36. Rc3 Qa6 37. Rf3 c3 38. Qxf7+ Kh8 39. Rg3 Qa1+ 40. Kh2 c2 41. Re3 c1=Q 0-1

[Event "XVI Memorial Lezcano Montalvo 2024"]
[Site "Gran Canaria"]
[Date "2024.03.24"]
[Round "2.14"]
[White "Larino Nieto, David"]
[Black "Zhou, Lepu Coco"]
[Result "1-0"]
[ECO "E05"]
[WhiteElo "2365"]
[BlackElo "1980"]
[Annotator "RC"]
[PlyCount "101"]
[EventDate "2024.03.23"]
[EventType "swiss"]
[EventCountry "ESP"]
[SourceTitle "playchess.com"]
[Source "ChessBase"]
[SourceQuality "1"]
[TimeControl "5400+30"]

1. g3 d5 2. c4 e6 3. Bg2 Nf6 4. Nf3 Be7 5. O-O O-O 6. d4 dxc4 7. Nbd2 b5 8. a4 c6 9. Ne5 Qxd4 10. Nxc6 Nxc6 11. Bxc6 Rb8 12. axb5 Bb7 13. Ra4 Bxc6 14. Rxc4 Qd5 15. bxc6 Rfc8 16. e4 Qb5 17. Qc2 Rb6 18. c7 Rb7 19. Nf3 Ne8 20. Nd4 Qd7 21. Nc6 Bd6 22. Be3 Rbxc7 23. Rc1 e5 24. Kg2 Nf6 25. Bg5 h6 26. Bxf6 gxf6 27. b4 Bxb4 28. Ne7+ Qxe7 29. Rxc7 Rxc7 30. Qxc7 Qxc7 31. Rxc7 a5 32. Ra7 Kg7 33. f3 Kg6 34. Ra6 Kg5 35. h4+ Kg6 36. g4 Be1 37. h5+ Kg7 38. Ra8 Bc3 39. Kf1 Bb4 40. Ke2 Bc3 41. Kd3 Be1 42. Kc4 Bb4 43. Kd5 Bc3 44. Kc6 f5 45. exf5 Kf6 46. Kd5 Ke7 47. Ra6 Kd7 48. Rxh6 f6 49. Rxf6 e4 50. Rd6+ Ke7 51. fxe4 1-0

[Event "XVI Memorial Lezcano Montalvo 2024"]
[Site "Gran Canaria"]
[Date "2024.03.24"]
[Round "2.15"]
[White "Sosa Suarez, Carla Cristina"]
[Black "Akhvlediani, Irakli"]
[Result "1-0"]
[ECO "A13"]
[WhiteElo "1980"]
[BlackElo "2356"]
[Annotator "RC"]
[PlyCount "95"]
[EventDate "2024.03.23"]
[EventType "swiss"]
[EventCountry "ESP"]
[SourceTitle "playchess.com"]
[Source "ChessBase"]
[SourceQuality "1"]
[TimeControl "5400+30"]

1. c4 Nf6 2. Nf3 e6 3. e3 d5 4. b3 c5 5. Bb2 Nc6 6. cxd5 exd5 7. Bb5 Bd6 8. Bxc6+ bxc6 9. d3 O-O 10. O-O Re8 11. Qc2 a5 12. a4 Bg4 13. Nbd2 Nd7 14. h3 Bf5 15. Rfe1 f6 16. e4 Bg6 17. Ba3 Bf8 18. Qc3 Qb6 19. Rac1 Rab8 20. g3 Bf7 21. Rb1 Re6 22. Kg2 Rbe8 23. Nh4 g5 24. Nf5 Bg6 25. g4 Ne5 26. Nf3 Nxd3 27. Qxd3 dxe4 28. Qc4 exf3+ 29. Kg1 Bf7 30. Rxe6 Rxe6 31. Qd3 Re5 32. Bb2 Rd5 33. Qxf3 Qd8 34. Ne3 Rd6 35. Nc4 Bd5 36. Qc3 Re6 37. Re1 Qe7 38. Re3 Bg7 39. Nxa5 Kf7 40. Nc4 Bf8 41. a5 Qd8 42. a6 Rxe3 43. Nxe3 Be7 44. Qd3 Qa5 45. Nxd5 cxd5 46. Qxd5+ Kf8 47. Qa8+ Kf7 48. Qb7 1-0

[Event "XVI Memorial Lezcano Montalvo 2024"]
[Site "Gran Canaria"]
[Date "2024.03.24"]
[Round "2.16"]
[White "Loiacono, Leonardo"]
[Black "Martin Ramos, Daniel"]
[Result "0-1"]
[ECO "C55"]
[WhiteElo "2316"]
[BlackElo "1961"]
[Annotator "RC"]
[PlyCount "74"]
[EventDate "2024.03.23"]
[EventType "swiss"]
[EventCountry "ESP"]
[SourceTitle "playchess.com"]
[Source "ChessBase"]
[SourceQuality "1"]
[TimeControl "5400+30"]

1. e4 e5 2. Nf3 Nc6 3. Bc4 Nf6 4. d3 h6 5. c3 d6 6. Nbd2 g5 7. b4 g4 8. Ng1 h5 9. Qb3 Qe7 10. Ba3 Bh6 11. O-O-O a6 12. Ne2 b5 13. Bd5 Nxd5 14. exd5 Nd8 15. Kc2 c6 16. Rhe1 cxd5 17. Qxd5 Bb7 18. Qb3 Bxg2 19. Nd4 Qf6 20. Ne4 Bxe4 21. Rxe4 O-O 22. Ne2 Qe6 23. Ng3 f5 24. Ree1 h4 25. Nf1 Qxb3+ 26. Kxb3 Nc6 27. Ne3 Bxe3 28. Rxe3 d5 29. Bb2 Rad8 30. Rde1 e4 31. Rg1 Ne5 32. h3 Nxd3 33. hxg4 f4 34. Rxd3 exd3 35. Rd1 Kf7 36. Rxd3 Kg6 37. Bc1 Kg5 0-1

[Event "XVI Memorial Lezcano Montalvo 2024"]
[Site "Gran Canaria"]
[Date "2024.03.24"]
[Round "2.17"]
[White "Camino Carrio, Nicanor"]
[Black "Oudeh Mishmesh, Omar"]
[Result "0-1"]
[ECO "C02"]
[WhiteElo "1962"]
[BlackElo "2301"]
[Annotator "RC"]
[PlyCount "70"]
[EventDate "2024.03.23"]
[EventType "swiss"]
[EventCountry "ESP"]
[SourceTitle "playchess.com"]
[Source "ChessBase"]
[SourceQuality "1"]
[TimeControl "5400+30"]

1. e4 e6 2. d4 d5 3. e5 c5 4. c3 Nc6 5. Nf3 Bd7 6. a3 c4 7. Nbd2 Na5 8. Be2 Ne7 9. h4 Nc8 10. g3 Nb6 11. O-O Qc7 12. Qe1 Ba4 13. Bd1 O-O-O 14. Rb1 h6 15. Qe3 Be7 16. b3 cxb3 17. Bxb3 Nxb3 18. Nxb3 Nc4 19. Qe2 Kb8 20. Qa2 Rc8 21. Ne1 Nb6 22. Bd2 Qc4 23. Nc2 Qe2 24. Ne3 g5 25. f3 gxh4 26. Nc1 Qa6 27. g4 h5 28. Rf2 Rhg8 29. Kh2 Bg5 30. Nb3 Bxb3 31. Rxb3 Bf4+ 32. Kh3 Bg3 33. Rg2 hxg4+ 34. Nxg4 Qf1 35. Qb1 Qxf3 0-1

[Event "XVI Memorial Lezcano Montalvo 2024"]
[Site "Gran Canaria"]
[Date "2024.03.24"]
[Round "2.18"]
[White "Van Zyl-Rudd, Jack"]
[Black "Arnaiz Yanes, Miguel Angel"]
[Result "0-1"]
[ECO "C63"]
[WhiteElo "2264"]
[BlackElo "1947"]
[Annotator "RC"]
[PlyCount "103"]
[EventDate "2024.03.23"]
[EventType "swiss"]
[EventCountry "ESP"]
[SourceTitle "playchess.com"]
[Source "ChessBase"]
[SourceQuality "1"]
[TimeControl "5400+30"]

1. e4 e5 2. Nf3 Nc6 3. Bb5 f5 4. Nc3 fxe4 5. Nxe4 d5 6. Nxe5 dxe4 7. Nxc6 Qg5 8. Qe2 Nf6 9. Nxa7+ Bd7 10. Bxd7+ Nxd7 11. f4 Qc5 12. Nb5 O-O-O 13. Nc3 Nf6 14. Qb5 Qd4 15. Qe5 Qb6 16. a4 Bd6 17. Qf5+ Kb8 18. a5 Qa6 19. Rf1 Bb4 20. Nd1 Bxd2+ 21. Bxd2 Rxd2 22. Rf2 Rd5 23. Qh3 Rxa5 24. Rxa5 Qxa5+ 25. Qc3 Qh5 26. h3 e3 27. Rf3 Re8 28. Rxe3 Qh4+ 29. Nf2 Qxf4 30. Rxe8+ Nxe8 31. Nd3 Qe3+ 32. Kf1 Nf6 33. Qe1 Qd4 34. Qf2 Qd6 35. Kg1 h6 36. Qe3 Qc6 37. c3 Qd6 38. Nf2 Qd7 39. c4 Qd6 40. b3 b6 41. Nd3 Nd7 42. b4 c5 43. bxc5 bxc5 44. Qe4 Kc7 45. Nf4 Nf6 46. Qf5 Qd4+ 47. Kh2 Qxc4 48. Ne6+ Kb6 49. Nxg7 Nd5 50. Ne6 Ne3 51. Qe5 Qc1 52. Qb8+ 0-1

[Event "XVI Memorial Lezcano Montalvo 2024"]
[Site "Gran Canaria"]
[Date "2024.03.24"]
[Round "2.19"]
[White "Guerrero Orihuela, Jose Luis"]
[Black "Fiorito, Fabian"]
[Result "0-1"]
[ECO "E90"]
[WhiteElo "1948"]
[BlackElo "2251"]
[Annotator "RC"]
[PlyCount "74"]
[EventDate "2024.03.23"]
[EventType "swiss"]
[EventCountry "ESP"]
[SourceTitle "playchess.com"]
[Source "ChessBase"]
[SourceQuality "1"]
[TimeControl "5400+30"]

1. d4 Nf6 2. c4 g6 3. Nc3 Bg7 4. e4 d6 5. h3 c5 6. Nf3 O-O 7. d5 e6 8. Be2 a6 9. O-O e5 10. Bg5 h6 11. Be3 Kh7 12. Qc2 Ng8 13. Nd2 Nd7 14. Bg4 Ngf6 15. Be2 Qe7 16. g4 Ng8 17. Bd3 Kh8 18. Kg2 Ndf6 19. f3 Nh7 20. a3 Bf6 21. b4 b6 22. Rab1 Bg5 23. Bf2 Qd8 24. Rh1 f5 25. exf5 gxf5 26. Rbf1 Ne7 27. Bg3 Ng6 28. Ne2 Bd7 29. f4 exf4 30. Nxf4 Nxf4+ 31. Bxf4 fxg4 32. Bxd6 gxh3+ 33. Kh2 Nf6 34. Rhg1 Ba4 35. Rxf6 Rxf6 36. Qc3 Qxd6+ 37. Kxh3 Bd7+ 0-1

[Event "XVI Memorial Lezcano Montalvo 2024"]
[Site "Gran Canaria"]
[Date "2024.03.24"]
[Round "2.20"]
[White "Perez Guerra, Raul"]
[Black "Ramirez Maillo, Juan Adonay"]
[Result "1-0"]
[ECO "B23"]
[WhiteElo "2250"]
[BlackElo "1918"]
[Annotator "RC"]
[PlyCount "73"]
[EventDate "2024.03.23"]
[EventType "swiss"]
[EventCountry "ESP"]
[SourceTitle "playchess.com"]
[Source "ChessBase"]
[SourceQuality "1"]
[TimeControl "5400+30"]

1. e4 c5 2. Nc3 a6 3. Nge2 b5 4. g3 Bb7 5. Bg2 e6 6. O-O b4 7. Na4 Qc7 8. d4 cxd4 9. Nxd4 Nf6 10. Re1 Nc6 11. c4 Ne5 12. Bf4 d6 13. Rc1 Ng6 14. Bd2 Rb8 15. Bxb4 Bxe4 16. Bxd6 Bxd6 17. Bxe4 Nxe4 18. Rxe4 O-O 19. c5 Be7 20. b4 Rfd8 21. Qe1 e5 22. Nf5 Bg5 23. Rc2 Qc6 24. Nb2 Qe6 25. Nd6 Be7 26. Nbc4 f5 27. Ree2 e4 28. f4 Bxd6 29. Nxd6 Ne7 30. a3 h5 31. Rc1 Qg6 32. Qc3 h4 33. Qe5 Qg4 34. Qe6+ Kh7 35. Nxe4 hxg3 36. hxg3 Ng6 37. Rh2+ 1-0

[Event "XVI Memorial Lezcano Montalvo 2024"]
[Site "Gran Canaria"]
[Date "2024.03.24"]
[Round "2.21"]
[White "de Leon Navarro, Claudio"]
[Black "Damia, Angelo"]
[Result "0-1"]
[ECO "B07"]
[WhiteElo "1931"]
[BlackElo "2240"]
[Annotator "RC"]
[PlyCount "76"]
[EventDate "2024.03.23"]
[EventType "swiss"]
[EventCountry "ESP"]
[SourceTitle "playchess.com"]
[Source "ChessBase"]
[SourceQuality "1"]
[TimeControl "5400+30"]

1. d4 Nf6 2. Bf4 d6 3. Nc3 c6 4. e4 Qa5 5. Qd2 e5 6. Be3 Ng4 7. Nf3 Nxe3 8. Qxe3 Be7 9. Bc4 Bg4 10. O-O Nd7 11. a3 O-O 12. Rad1 Rad8 13. Ne2 b5 14. Bb3 Qb6 15. c3 exd4 16. cxd4 c5 17. h3 Bxf3 18. Qxf3 Bf6 19. Nf4 Bxd4 20. Nd5 Ne5 21. Qg3 Qb7 22. Rxd4 cxd4 23. f4 Nc4 24. f5 Kh8 25. f6 Rg8 26. Qh4 g5 27. Qh5 Rg6 28. Ne7 Qxe4 29. Nxg6+ Qxg6 30. Qe2 Ne3 31. Rf3 a6 32. Qd2 Qb1+ 33. Kf2 g4 34. Rxe3 dxe3+ 35. Qxe3 Qxb2+ 36. Kg3 Qxf6 37. hxg4 Qe5+ 38. Kf3 Rc8 0-1

[Event "XVI Memorial Lezcano Montalvo 2024"]
[Site "Gran Canaria"]
[Date "2024.03.24"]
[Round "2.22"]
[White "Calzetta Ruiz, Monica"]
[Black "Garbezza, Davide"]
[Result "1-0"]
[ECO "B10"]
[WhiteElo "2239"]
[BlackElo "1888"]
[Annotator "RC"]
[PlyCount "51"]
[EventDate "2024.03.23"]
[EventType "swiss"]
[EventCountry "ESP"]
[SourceTitle "playchess.com"]
[Source "ChessBase"]
[SourceQuality "1"]
[TimeControl "5400+30"]

1. e4 c6 2. c4 d5 3. exd5 cxd5 4. cxd5 Nf6 5. Nc3 Nxd5 6. Nf3 Nc6 7. Bb5 e6 8. O-O Be7 9. d4 O-O 10. Re1 a6 11. Bxc6 bxc6 12. Ne5 Nxc3 13. bxc3 Bb7 14. Rb1 Qc7 15. Qb3 Rab8 16. Qb6 Qc8 17. Bf4 Bd6 18. Ng6 Ba8 19. Qxb8 Qxb8 20. Rxb8 Bxb8 21. Nxf8 Bxf4 22. Nd7 Bc7 23. Rb1 f6 24. Nc5 Kf7 25. Nxa6 Bd6 26. c4 1-0

[Event "XVI Memorial Lezcano Montalvo 2024"]
[Site "Gran Canaria"]
[Date "2024.03.24"]
[Round "2.23"]
[White "Quiceno Ramirez, Edwin Alejandro"]
[Black "Estremera Panos, Sergio"]
[Result "1/2-1/2"]
[ECO "E20"]
[WhiteElo "1888"]
[BlackElo "2233"]
[Annotator "RC"]
[PlyCount "69"]
[EventDate "2024.03.23"]
[EventType "swiss"]
[EventCountry "ESP"]
[SourceTitle "playchess.com"]
[Source "ChessBase"]
[SourceQuality "1"]
[TimeControl "5400+30"]

1. d4 Nf6 2. c4 e6 3. Nc3 Bb4 4. f3 c5 5. d5 d6 6. e4 b5 7. a3 Bxc3+ 8. bxc3 O-O 9. Bd3 bxc4 10. Bxc4 Nxd5 11. Bxd5 exd5 12. Qxd5 Qb6 13. Bf4 Be6 14. Qxd6 Qb2 15. Rd1 Qxg2 16. Be3 Nd7 17. Qg3 Qxg3+ 18. hxg3 Rab8 19. Ne2 Rb2 20. Kf2 f5 21. exf5 Bxf5 22. Rd2 Rxd2 23. Bxd2 Ne5 24. Nf4 Rb8 25. Re1 Nc4 26. Bc1 Rb1 27. Nd5 Bd7 28. Bf4 Rxe1 29. Kxe1 Kf7 30. Ne3 Nxa3 31. Bd6 Nb5 32. Bxc5 Nxc3 33. Bxa7 Bc6 34. Kf2 Nd5 35. Ke1 1/2-1/2

[Event "XVI Memorial Lezcano Montalvo 2024"]
[Site "Gran Canaria"]
[Date "2024.03.24"]
[Round "2.24"]
[White "Hernandez Leon, Alberto"]
[Black "Peters, Alexander John"]
[Result "1-0"]
[ECO "B07"]
[WhiteElo "2207"]
[BlackElo "1993"]
[Annotator "RC"]
[PlyCount "65"]
[EventDate "2024.03.23"]
[EventType "swiss"]
[EventCountry "ESP"]
[SourceTitle "playchess.com"]
[Source "ChessBase"]
[SourceQuality "1"]
[TimeControl "5400+30"]

1. d4 d6 2. e4 Nf6 3. Nc3 g6 4. f3 Bg7 5. Be3 c6 6. Qd2 Nbd7 7. O-O-O Qa5 8. Kb1 b5 9. Bh6 Bxh6 10. Qxh6 b4 11. Nce2 Nb6 12. Nc1 Be6 13. g4 Bc4 14. Nge2 Rc8 15. Nf4 Bxf1 16. Rhxf1 Nfd7 17. Rfe1 e5 18. dxe5 dxe5 19. Nfd3 Nc4 20. f4 exf4 21. e5 Ne3 22. Rd2 Nc5 23. Nxc5 Qxc5 24. e6 Rf8 25. e7 Rg8 26. Qxf4 Nd5 27. Qe5 Qa5 28. Nb3 Qc7 29. Qd4 Qf4 30. Re4 Qf1+ 31. Rd1 Qa6 32. Qc5 Qb6 33. Rxd5 1-0

[Event "XVI Memorial Lezcano Montalvo 2024"]
[Site "Gran Canaria"]
[Date "2024.03.24"]
[Round "2.25"]
[White "Marrero Esser, Luis"]
[Black "Mukhi Talreja, Ishita Tina"]
[Result "1/2-1/2"]
[ECO "B01"]
[WhiteElo "1544"]
[BlackElo "1755"]
[Annotator "NA RC"]
[PlyCount "113"]
[EventDate "2024.03.23"]
[EventType "swiss"]
[EventCountry "ESP"]
[SourceTitle "playchess.com"]
[Source "ChessBase"]
[SourceQuality "1"]
[TimeControl "5400+30"]

1. e4 d5 2. exd5 Qxd5 3. Nc3 Qd6 4. d4 Nf6 5. Nf3 c6 6. h3 Bf5 7. Nh4 Bg6 8. Nxg6 hxg6 9. Be3 e6 10. Qd2 Be7 11. Be2 Nd5 12. Nxd5 Qxd5 13. Bf3 Qd8 14. c4 Na6 15. a3 Nc7 16. Rd1 Bf6 17. Qb4 Qc8 18. d5 a5 19. Qb3 cxd5 20. cxd5 Nxd5 21. Bxd5 exd5 22. Rxd5 O-O 23. O-O Qe6 24. Rb5 Qxb3 25. Rxb3 g5 26. Rd1 Rfd8 27. Rxd8+ Rxd8 28. Rxb7 Be5 29. g3 f6 30. Bb6 Rd1+ 31. Kg2 Bxb2 32. Bxa5 Bxa3 33. Bb6 Kh7 34. Be3 Bf8 35. Rf7 Kg8 36. Rb7 Rd8 37. Kf3 Kh7 38. Kg4 Kg6 39. Rb5 Rc8 40. Rd5 Rc4+ 41. Rd4 f5+ 42. Kf3 Rxd4 43. Bxd4 Kf7 44. Be3 Be7 45. Bd4 g6 46. Be3 Ke6 47. Bd4 Kd5 48. Be3 Ke6 49. Bd2 Kf7 50. g4 Ke6 51. Bc3 Kd5 52. Kg2 Ke4 53. f3+ Kd3 54. Ba5 Ke2 55. Bb6 Bf6 56. Bc7 Be7 57. Be5 1/2-1/2

[Event "XVI Memorial Lezcano Montalvo 2024"]
[Site "Gran Canaria"]
[Date "2024.03.24"]
[Round "2.26"]
[White "Broeder, Hans-Gert"]
[Black "Marrero Rodriguez, Jorge"]
[Result "0-1"]
[ECO "C47"]
[WhiteElo "1860"]
[BlackElo "2177"]
[Annotator "RC"]
[PlyCount "76"]
[EventDate "2024.03.23"]
[EventType "swiss"]
[EventCountry "ESP"]
[SourceTitle "playchess.com"]
[Source "ChessBase"]
[SourceQuality "1"]
[TimeControl "5400+30"]

1. e4 e5 2. Nc3 Nf6 3. Nf3 Nc6 4. d4 exd4 5. Nd5 Bc5 6. Bg5 Be7 7. Bf4 d6 8. Nxd4 O-O 9. Nb5 Nxd5 10. exd5 Ne5 11. Be2 Ng6 12. Bg3 Bf6 13. c3 Bd7 14. O-O h5 15. h3 Re8 16. Na3 h4 17. Bh2 Be5 18. f4 Bf6 19. Bd3 Ne7 20. Nc2 Nf5 21. Qh5 g6 22. Qf3 c6 23. Kh1 cxd5 24. Qxd5 Bc6 25. Qb3 Qd7 26. Rfe1 Rxe1+ 27. Rxe1 Re8 28. Rd1 Ne3 29. Nxe3 Rxe3 30. Bxg6 Ba4 31. Rxd6 Qe7 32. Qxf7+ Qxf7 33. Bxf7+ Kxf7 34. Rd2 Bc6 35. Kg1 Be7 36. c4 Bc5 37. Kf1 Be4 38. Bg1 Rd3 0-1

[Event "XVI Memorial Lezcano Montalvo 2024"]
[Site "Gran Canaria"]
[Date "2024.03.24"]
[Round "2.27"]
[White "Hernandez Leon, Sergio"]
[Black "Garcia Rodriguez, Adriana"]
[Result "1-0"]
[ECO "A28"]
[WhiteElo "2172"]
[BlackElo "1854"]
[Annotator "RC"]
[PlyCount "77"]
[EventDate "2024.03.23"]
[EventType "swiss"]
[EventCountry "ESP"]
[SourceTitle "playchess.com"]
[Source "ChessBase"]
[SourceQuality "1"]
[TimeControl "5400+30"]

1. c4 e5 2. Nc3 Nc6 3. Nf3 Nf6 4. e3 d6 5. d4 exd4 6. exd4 Bg4 7. Be2 d5 8. Be3 dxc4 9. Qa4 Qd7 10. Qxc4 Be6 11. Qb5 O-O-O 12. Rc1 Bb4 13. O-O h6 14. Ne5 Nxe5 15. Qxb4 Nc6 16. Qa4 Nd5 17. Bb5 Nb6 18. Bxc6 Nxa4 19. Bxd7+ Bxd7 20. Nd5 c6 21. b3 Kb8 22. Bf4+ Ka8 23. Nc7+ Kb8 24. bxa4 Kc8 25. Rfe1 g5 26. Be5 f6 27. Bg3 f5 28. Be5 Rhf8 29. a5 f4 30. Nd5 Be6 31. Nb4 a6 32. Nxc6 bxc6 33. Rxc6+ Kd7 34. Rc7+ Ke8 35. Bg7 Rd6 36. Rc8+ Kf7 37. Bxf8 Rxd4 38. Bc5 Rd5 39. Rc7+ 1-0

[Event "XVI Memorial Lezcano Montalvo 2024"]
[Site "Gran Canaria"]
[Date "2024.03.24"]
[Round "2.28"]
[White "Perez Celis, Alba"]
[Black "Gonzalez Martinez, Miguel Angel"]
[Result "1/2-1/2"]
[ECO "C41"]
[WhiteElo "1854"]
[BlackElo "2158"]
[Annotator "RC"]
[PlyCount "66"]
[EventDate "2024.03.23"]
[EventType "swiss"]
[EventCountry "ESP"]
[SourceTitle "playchess.com"]
[Source "ChessBase"]
[SourceQuality "1"]
[TimeControl "5400+30"]

1. e4 d6 2. d4 Nf6 3. Nc3 Nbd7 4. Nf3 e5 5. Bc4 Be7 6. O-O c6 7. h3 b5 8. Bd3 a6 9. a4 b4 10. Ne2 a5 11. Ng3 h6 12. Nf5 Bf8 13. Be3 g6 14. Ng3 Qc7 15. Qd2 Bg7 16. Nh4 c5 17. dxe5 dxe5 18. Bb5 Ba6 19. f4 Bxb5 20. axb5 O-O 21. fxe5 Qxe5 22. Bf4 Qxb2 23. Bxh6 Qd4+ 24. Qxd4 cxd4 25. Bxg7 Kxg7 26. Nf3 Nc5 27. Nxd4 Nfxe4 28. Nxe4 Nxe4 29. Nc6 Nd6 30. b6 Ra6 31. Nxb4 Rxb6 32. Nd5 Rb5 33. Nc3 Rc5 1/2-1/2

[Event "XVI Memorial Lezcano Montalvo 2024"]
[Site "Gran Canaria"]
[Date "2024.03.24"]
[Round "2.30"]
[White "Garcia Padron, Jose"]
[Black "Sanchez Montesdeoca, Isaac"]
[Result "1-0"]
[ECO "A45"]
[WhiteElo "2385"]
[BlackElo "1832"]
[Annotator "RC"]
[PlyCount "39"]
[EventDate "2024.03.23"]
[EventType "swiss"]
[EventCountry "ESP"]
[SourceTitle "playchess.com"]
[Source "ChessBase"]
[SourceQuality "1"]
[TimeControl "5400+30"]

1. d4 Nf6 2. Bg5 h6 3. Bxf6 exf6 4. g3 d5 5. Bg2 Be6 6. c4 Bb4+ 7. Nc3 O-O 8. Qa4 c5 9. dxc5 Bxc5 10. cxd5 Bd7 11. Qb3 a5 12. Nf3 a4 13. Qc2 Na6 14. a3 Rc8 15. O-O Re8 16. e3 Ba7 17. Rad1 Rc5 18. Nd4 Qc8 19. Qd3 g6 20. Ne4 1-0

[Event "XVI Memorial Lezcano Montalvo 2024"]
[Site "Gran Canaria"]
[Date "2024.03.24"]
[Round "2.31"]
[White "Garcia Cruz, Jose Manuel"]
[Black "Hernando Rodrigo, Jose Maria"]
[Result "0-1"]
[ECO "A06"]
[WhiteElo "1564"]
[BlackElo "2257"]
[Annotator "RC"]
[PlyCount "52"]
[EventDate "2024.03.23"]
[EventType "swiss"]
[EventCountry "ESP"]
[SourceTitle "playchess.com"]
[Source "ChessBase"]
[SourceQuality "1"]
[TimeControl "5400+30"]

1. Nf3 Nf6 2. b3 d5 3. Bb2 c5 4. d4 cxd4 5. Bxd4 Nc6 6. Bb2 Bg4 7. Ne5 Nxe5 8. Bxe5 e6 9. h3 Bh5 10. Qd4 Qa5+ 11. c3 Bc5 12. Qa4+ Qxa4 13. bxa4 O-O 14. e3 Rac8 15. Nd2 Bg6 16. Be2 Ba3 17. O-O Bb2 18. Rab1 Bxb1 19. Bxf6 Bg6 20. Bd4 Bxc3 21. Nb3 Bxd4 22. Nxd4 Rc5 23. Nb5 a6 24. Nd4 Rfc8 25. Nb3 Rc2 26. Bf3 Rxa2 0-1

[Event "XVI Memorial Lezcano Montalvo 2024"]
[Site "Gran Canaria"]
[Date "2024.03.24"]
[Round "2.32"]
[White "Tytynnik, Artem"]
[Black "Leandro Tejera, Damian"]
[Result "1-0"]
[ECO "A94"]
[WhiteElo "2197"]
[BlackElo "1483"]
[Annotator "RC"]
[PlyCount "51"]
[EventDate "2024.03.23"]
[EventType "swiss"]
[EventCountry "ESP"]
[SourceTitle "playchess.com"]
[Source "ChessBase"]
[SourceQuality "1"]
[TimeControl "5400+30"]

1. d4 f5 2. g3 e6 3. Bg2 Nf6 4. Nf3 d5 5. O-O Bd6 6. c4 c6 7. b3 O-O 8. Ba3 Bxa3 9. Nxa3 Qd6 10. Nc2 Bd7 11. Nce1 Be8 12. Nd3 Bh5 13. Qc2 Ne4 14. Nfe5 Nd7 15. Nf4 Be8 16. Nxd7 Bxd7 17. Rad1 Rac8 18. f3 Nf6 19. e4 fxe4 20. fxe4 dxe4 21. Bxe4 Nxe4 22. Qxe4 c5 23. d5 exd5 24. Rd3 d4 25. Rxd4 Bc6 26. Rd5 1-0

[Event "XVI Memorial Lezcano Montalvo 2024"]
[Site "Gran Canaria"]
[Date "2024.03.24"]
[Round "2.35"]
[White "Illana Elorduy, Jesus Eusebio"]
[Black "Rivero Reyes, Alejandro"]
[Result "0-1"]
[ECO "A50"]
[WhiteElo "1623"]
[BlackElo "1799"]
[Annotator "NA RC"]
[PlyCount "110"]
[EventDate "2024.03.23"]
[EventType "swiss"]
[EventCountry "ESP"]
[SourceTitle "playchess.com"]
[Source "ChessBase"]
[SourceQuality "1"]
[TimeControl "5400+30"]

1. d4 Nf6 2. c4 b6 3. Nc3 Bb7 4. Bg5 h6 5. Bh4 e6 6. e3 d6 7. Rc1 Nbd7 8. a3 Be7 9. f3 c5 10. Bf2 cxd4 11. exd4 O-O 12. Bd3 d5 13. Nge2 dxc4 14. Bxc4 Rc8 15. Ba2 Re8 16. O-O a6 17. Ng3 b5 18. Bb1 Nb6 19. Bd3 Nc4 20. Qe2 Bf8 21. Nce4 Bd5 22. a4 g6 23. b3 Bxe4 24. Nxe4 Nxe4 25. bxc4 Nxf2 26. Qxf2 Bg7 27. Kh1 Bxd4 28. Qd2 bxa4 29. Rcd1 Bg7 30. Qb4 Qc7 31. Qxa4 a5 32. Rfe1 Bc3 33. Re2 Red8 34. Rc2 Qxc4 35. Qxc4 Rxc4 36. Be2 Rxd1+ 37. Bxd1 Rd4 38. Be2 Rd2 39. Rxd2 Bxd2 40. Bb5 Kf8 41. g4 Ke7 42. Kg2 f5 43. Bd3 Kd6 44. h4 Ke5 45. Kf2 Kf4 46. Ke2 Bb4 47. Bc4 fxg4 48. fxg4 Kxg4 49. Bxe6+ Kxh4 50. Kf3 h5 51. Bd7 g5 52. Be6 a4 53. Ba2 Kh3 54. Bf7 g4+ 55. Kf2 g3+ 0-1